Workbook

Sheet INGRESOS CUENTA COLECT
A6: Instituto Nacional del Cáncer Rosa Emilia Sánchez Pérez de Tavares
A7: Balance Inicial: Cta. 9995033000
A8: Libro Banco
A9: Del 01 Al 28 De Febrero 2026
B13: Cuenta Bancaria No: 010-252753-9
B14: Balance Inicial: Cta. 9995033000 | G14: =+'[2]CTA. RECOLECTORA (010) y 3000'!$G$623 -> 1.26638e+08
G15: 0
B16: Fecha | C16: No. Ck/Transf. | D16: Descripcion | E16: Debito | F16: Credito | G16: Balance
D17: 46053 | E17: ='[1]CTA. RECOLECTORA (010)'!E6 -> 0 | F17: 0 | G17: =+G14 -> 1.26638e+08
B18: 46054 | D18: NOTA DEBITO POR COBRO TARJETA CREDITO ENERO 2026 | F18: 2236.72 | G18: =G17+E18-F18 -> 1.2663576e+08
B19: 46054 | D19: DEPOSITO | E19: 8500 | G19: =G18+E19-F19 -> 1.2664426e+08
B20: 46055 | D20: DEPOSITO | E20: 30440 | G20: =G19+E20-F20 -> 1.266747e+08
B21: 46055 | D21: DEPOSITO | E21: 44630 | G21: =G20+E21-F21 -> 1.2671933e+08
B22: 46055 | D22: DEPOSITO | E22: 27650 | G22: =G21+E22-F22 -> 1.2674698e+08
B23: 46055 | D23: DEPOSITO | E23: 1100 | G23: =G22+E23-F23 -> 1.2674808e+08
B24: 46055 | D24: DEPOSITO | E24: 48270 | G24: =G23+E24-F24 -> 1.2679635e+08
B25: 46055 | D25: DEPOSITO | E25: 7525 | G25: =G24+E25-F25 -> 1.2680388e+08
B26: 46055 | D26: DEPOSITO | E26: 2290 | G26: =G25+E26-F26 -> 1.2680617e+08
B27: 46055 | D27: NOTA DEBITO POR COBRO TARJETA CREDITO CARDNET | E27: 101953.78 | F27: 2684.06 | G27: =G26+E27-F27 -> 1.2690544e+08
B28: 46055 | D28: pago de alquiler de espacio máquinas expendedoras snacks y café por RD$$20,000.00 de parte de VS Solution, SRL mes Enero 2026 | E28: 20000 | G28: =G27+E28-F28 -> 1.2692544e+08
B29: 46055 | D29: Dp via transferencia por la Sra. Santa Geannis Medrano de León , ayuda Santa Familia Guzmán Récord #2023/12416 para Saldo Ecocardiograma Strain (Factura #177968-26 por el monto de RD$ 500.00 | E29: 500 | G29: =G28+E29-F29 -> 1.2692594e+08
B30: 46055 | D30: Dp via transferencia por la Sra. Santa Geannis Medrano de León , ayuda Luis Rosario Ramírez Pineda #2024/10551 para Saldo Ecocardiograma Strain (Factura #178029-26 por el monto de RD$ 500.00 | E30: 500 | G30: =G29+E30-F30 -> 1.2692644e+08
B31: 46055 | D31: Deposito Via Cheque #002849 Asoc. Mujeres Solidarias (AMSI) Donacion a la Sra. Alltagracia Marisol Martinez, para pago Ecocardiograma Strain Factura #178064-26 por el monto de RD$3,500.00 | E31: 3500 | G31: =G30+E31-F31 -> 1.2692994e+08
B32: 46055 | D32: Dp via transferenciaElvira Reyes Récord #2026/1343 para Saldo Inmunohistoquímica de Tejidos Sólidos (Factura #489425-26, por RD$1,506.00 | E32: 1506 | G32: =G31+E32-F32 -> 1.2693144e+08
B33: 46055 | D33: TRANSF. DE CUENTA 3000 A 3001 PARA PAGOS | F33: 2703311.7 | G33: =G32+E33-F33 -> 1.2422813e+08
B34: 46056 | D34: DEPOSITO | E34: 65478 | G34: =G33+E34-F34 -> 1.2429361e+08
B35: 46056 | D35: DEPOSITO | E35: 52053 | G35: =G34+E35-F35 -> 1.2434566e+08
B36: 46056 | D36: DEPOSITO | E36: 34175 | G36: =G35+E36-F36 -> 1.2437984e+08
B37: 46056 | D37: DEPOSITO | E37: 18750 | G37: =G36+E37-F37 -> 1.2439859e+08
B38: 46056 | D38: DEPOSITO | E38: 1800 | G38: =G37+E38-F38 -> 1.2440039e+08
B39: 46056 | D39: DEPOSITO | E39: 3830 | G39: =G38+E39-F39 -> 1.2440422e+08
B40: 46056 | D40: NOTA DEBITO POR COBRO TARJETA CREDITO CARDNET | E40: 43107.83 | F40: 1126.85 | G40: =G39+E40-F40 -> 1.244462e+08
B41: 46056 | D41: DEPOSITO VIA CHEQUE ARS MONUMENTAL | E41: 22849.5 | G41: =G40+E41-F41 -> 1.2446905e+08
B42: 46056 | D42: DEPOSITO VIA CHEQUE ARS MONUMENTAL | E42: 20477.85 | G42: =G41+E42-F42 -> 1.2448953e+08
B43: 46056 | D43: DEPOSITO VIA CHEQUE ARS MONUMENTAL | E43: 116049.73 | G43: =G42+E43-F43 -> 1.2460558e+08
B44: 46057 | D44: DEPOSITO | E44: 380 | G44: =G43+E44-F44 -> 1.2460596e+08
B45: 46057 | D45: DEPOSITO | E45: 37540 | G45: =G44+E45-F45 -> 1.246435e+08
B46: 46057 | D46: DEPOSITO | E46: 83608 | G46: =G45+E46-F46 -> 1.247271e+08
B47: 46057 | D47: DEPOSITO | E47: 25350 | G47: =G46+E47-F47 -> 1.2475245e+08
B48: 46057 | D48: DEPOSITO | E48: 3050 | G48: =G47+E48-F48 -> 1.247555e+08
B49: 46057 | D49: DEPOSITO | E49: 94200 | G49: =G48+E49-F49 -> 1.248497e+08
B50: 46057 | D50: DEPOSITO | E50: 11410 | G50: =G49+E50-F50 -> 1.2486111e+08
B51: 46057 | D51: NOTA DEBITO POR COBRO TARJETA CREDITO CARDNET | E51: 110033.74 | F51: 2806.29 | G51: =G50+E51-F51 -> 1.2496834e+08
B52: 46057 | D52: DEPOSITO VIA ARS CMD | E52: 251982.43 | G52: =G51+E52-F52 -> 1.2522032e+08
B53: 46057 | D53: DEPOSITO VIA TRANSF., RED ONCOLOGICA DOMINICANA INTEGRAL ,(RODI) fact B01000071431 RD$201,267.00 | E53: 201267 | G53: =G52+E53-F53 -> 1.2542159e+08
B54: 46057 | D54: TRANSF. DE CUENTA 3000 A 3001 PARA PAGOS | F54: 388954.24 | G54: =G53+E54-F54 -> 1.2503264e+08
B55: 46058 | D55: DEPOSITO | E55: 1338 | G55: =G54+E55-F55 -> 1.2503397e+08
B56: 46058 | D56: DEPOSITO | E56: 105 | G56: =G55+E56-F56 -> 1.2503408e+08
B57: 46058 | D57: DEPOSITO | E57: 28840 | G57: =G56+E57-F57 -> 1.2506292e+08
B58: 46058 | D58: DEPOSITO | E58: 23045 | G58: =G57+E58-F58 -> 1.2508596e+08
B59: 46058 | D59: DEPOSITO | E59: 14595 | G59: =G58+E59-F59 -> 1.2510056e+08
B60: 46058 | D60: DEPOSITO | E60: 9505 | G60: =G59+E60-F60 -> 1.2511006e+08
B61: 46058 | D61: DEPOSITO | E61: 47205 | G61: =G60+E61-F61 -> 1.2515727e+08
B62: 46058 | D62: DEPOSITO | E62: 11270 | G62: =G61+E62-F62 -> 1.2516854e+08
B63: 46058 | D63: NOTA DEBITO POR COBRO TARJETA CREDITO CARDNET | E63: 68261.36 | F63: 1728.57 | G63: =G62+E63-F63 -> 1.2523507e+08
B64: 46058 | D64: Dp via transferencia Dominga García Hernández Récord #2024/6188 Saldo para Ecocardiograma Strain (Factura #484174-26, por RD$3,500.00 | E64: 3500 | G64: =G63+E64-F64 -> 1.2523857e+08
B65: 46058 | D65: Dp via transferencia por la Sra. Santa Geannis Medrano de León , ayuda Dania Altagracia Báez Sánchez #2022/5060 para Saldo Ecocardiograma Strain (Factura #178442-26 por el monto de RD$ 1,000.00 | E65: 1000 | G65: =G64+E65-F65 -> 1.2523957e+08
B66: 46058 | D66: TRANSF. DE CUENTA 3000 A 3001 PARA PAGOS | F66: 3860323.8 | G66: =G65+E66-F66 -> 1.2137925e+08
B67: 46059 | D67: DEPOSITO | E67: 1200 | G67: =G66+E67-F67 -> 1.2138045e+08
B68: 46059 | D68: DEPOSITO | E68: 46790 | G68: =G67+E68-F68 -> 1.2142724e+08
B69: 46059 | D69: DEPOSITO | E69: 103755 | G69: =G68+E69-F69 -> 1.2153099e+08
B70: 46059 | D70: DEPOSITO | E70: 20755 | G70: =G69+E70-F70 -> 1.2155175e+08
B71: 46059 | D71: DEPOSITO | E71: 1645 | G71: =G70+E71-F71 -> 1.2155339e+08
B72: 46059 | D72: DEPOSITO | E72: 7200 | G72: =G71+E72-F72 -> 1.2156059e+08
B73: 46059 | D73: DEPOSITO | E73: 5780 | G73: =G72+E73-F73 -> 1.2156637e+08
B74: 46059 | D74: NOTA DEBITO POR COBRO TARJETA CREDITO CARDNET | E74: 92994.15 | F74: 2359.77 | G74: =G73+E74-F74 -> 1.2165701e+08
B75: 46059 | D75: DEPOSITO VIA ARS SEMMA | E75: 204019.01 | G75: =G74+E75-F75 -> 1.2186103e+08
B76: 46059 | D76: DEPOSITO VIA ARS SEMMA | E76: 310407.91 | G76: =G75+E76-F76 -> 1.2217143e+08
B77: 46059 | D77: Dp via transferencia por la Sra. Santa Geannis Medrano de León , ayuda Epifanio Frías #2018/4848 para Medicamentos: Morfina 30/ 100 mg (Factura #485432-26 por el monto de RD$ 3,582.00 | E77: 3582 | G77: =G76+E77-F77 -> 1.2217502e+08
B78: 46059 | D78: Dp via transferencia Valerie Hernández Polanco Récord #2025/11542 Saldo paraAbono Biopsia Abierta de Mama (Factura #485526-26, por RD$557.17 | E78: 557.17 | G78: =G77+E78-F78 -> 1.2217557e+08
B79: 46059 | D79: TRANSF. DE CUENTA 3000 A 3001 PARA PAGOS | F79: 10700682 | G79: =G78+E79-F79 -> 1.1147489e+08
B80: 46060 | D80: DEPOSITO | E80: 9180 | G80: =G79+E80-F80 -> 1.1148407e+08
B81: 46060 | D81: NOTA DEBITO POR COBRO TARJETA CREDITO CARDNET | E81: 54500 | F81: 1441.7 | G81: =G80+E81-F81 -> 1.1153713e+08
B82: 46061 | D82: NOTA DEBITO POR COBRO TARJETA CREDITO CARDNET | E82: 31000 | F82: 798.1 | G82: =G81+E82-F82 -> 1.1156733e+08
B83: 46062 | D83: DEPOSITO | E83: 62600 | G83: =G82+E83-F83 -> 1.1162993e+08
B84: 46062 | D84: DEPOSITO | E84: 470 | G84: =G83+E84-F84 -> 1.116304e+08
B85: 46062 | D85: DEPOSITO | E85: 51865 | G85: =G84+E85-F85 -> 1.1168227e+08
B86: 46062 | D86: DEPOSITO | E86: 21950 | G86: =G85+E86-F86 -> 1.1170422e+08
B87: 46062 | D87: DEPOSITO | E87: 3070 | G87: =G86+E87-F87 -> 1.1170729e+08
B88: 46062 | D88: DEPOSITO | E88: 42521 | G88: =G87+E88-F88 -> 1.1174981e+08
B89: 46062 | D89: DEPOSITO | E89: 10941 | G89: =G88+E89-F89 -> 1.1176075e+08
B90: 46062 | D90: NOTA DEBITO POR COBRO TARJETA CREDITO CARDNET | E90: 113857.29 | F90: 2953.12 | G90: =G89+E90-F90 -> 1.1187165e+08
B91: 46062 | D91: Dp via transferencia Víctor Nicolás Casado Rosado Récord #2026/364 para Saldo Ecocardiograma Strain (Factura #179129-26, por RD$3,500.00 | E91: 3500 | G91: =G90+E91-F91 -> 1.1187515e+08
B92: 46062 | D92: Dp via transferencia José Ysabel De Paula Rincón Récord # 2026/451 para SaldoSonografía Escrotal (Factura #132112-26, por RD$1,260.00 | E92: 1260 | G92: =G91+E92-F92 -> 1.1187641e+08
B93: 46062 | D93: Dp via transferencia Jacqueline Joseph Récord #2026/1097 para Abono Ingreso Hospitalización (Presupuesto #09022026-001 Pendiente Factura, por RD$40,000.00 | E93: 40000 | G93: =G92+E93-F93 -> 1.1191641e+08
B94: 46062 | D94: Dp via transferencia Yensi Ismael Tejeda Collado Récord #2026/834 para Saldo PET-CT/ FDG-18 (Factura #132195-26, por RD$12,000.00 | E94: 12000 | G94: =G93+E94-F94 -> 1.1192841e+08
B95: 46062 | D95: Deposito Via Cheque #002860 Asoc. Mujeres Solidarias (AMSI) Donacion a la Sra. Grey Margarita Diaz, para proceso medico por el monto de RD$3,024.00 | E95: 3024 | G95: =G94+E95-F95 -> 1.1193144e+08
B96: 46063 | D96: DEPOSITO | E96: 35735 | G96: =G95+E96-F96 -> 1.1196717e+08
B97: 46063 | D97: DEPOSITO | E97: 36935 | G97: =G96+E97-F97 -> 1.1200411e+08
B98: 46063 | D98: DEPOSITO | E98: 17925 | G98: =G97+E98-F98 -> 1.1202203e+08
B99: 46063 | D99: DEPOSITO | E99: 7225 | G99: =G98+E99-F99 -> 1.1202926e+08
B100: 46063 | D100: DEPOSITO | E100: 44750 | G100: =G99+E100-F100 -> 1.1207401e+08
B101: 46063 | D101: DEPOSITO | E101: 4950 | G101: =G100+E101-F101 -> 1.1207896e+08
B102: 46063 | D102: NOTA DEBITO POR COBRO TARJETA CREDITO CARDNET | E102: 111033.22 | F102: 2912.75 | G102: =G101+E102-F102 -> 1.1218708e+08
B103: 46063 | D103: Dp via transferencia Valerie Hernández Polanco Récord #2025/11542 para Abono Biopsia Abierta de Mama (Factura #485526-26, por RD$1,000.00 | E103: 1000 | G103: =G102+E103-F103 -> 1.1218808e+08
B104: 46063 | D104: Dp via transferencia por la Sra. Santa Geannis Medrano de León , ayuda Angela María Matos #2024/7634 para Abono Ecocardiograma Strain (Factura #486150-26 por el monto de RD$1,000.00 | E104: 1000 | G104: =G103+E104-F104 -> 1.1218908e+08
B105: 46063 | D105: Dp via transferencia (Iglesia Bautista Nuevo Pacto ayuda Angela María Matos #2024/7634 para Saldo Ecocardiograma Strain (Factura #486150-26, por RD$500.00 | E105: 500 | G105: =G104+E105-F105 -> 1.1218958e+08
B106: 46063 | D106: TRANSF. DE CUENTA 3000 A 3001 PARA PAGOS | F106: 5239214.2 | G106: =G105+E106-F106 -> 1.0695036e+08
B107: 46064 | D107: DEPOSITO | E107: 30960 | G107: =G106+E107-F107 -> 1.0698132e+08
B108: 46064 | D108: DEPOSITO | E108: 148230 | G108: =G107+E108-F108 -> 1.0712955e+08
...

Sheet EGRESOS CTA. AUXILIAR 3001
A5: Servicio Nacional de Salud
C6: Instituto Nacional del Cáncer Rosa Emilia Sánchez Pérez de Tavares
C7: Cuenta Colectora Auxiliar no. 99995033001
C8: Libro Banco
C9: Del 01 Al 28 De Febrero 2026
D11: Cuenta Bancaria No: AUXILIAR NO. 9995033001
D12: Balance Inicial: | I12: =+'[2]CTA. RECOLECTORA AUXILIAR 3001'!$J$394 -> -50117116
D13: Fecha | E13: No. Ck/Transf. | F13: Descripcion | G13: Debito | H13: Credito | I13: Balance
F14: =+'INGRESOS CUENTA COLECT'!D17 -> 46053 | H14: 0 | I14: =+I12 -> -50117116
D15: 46055 | F15: TRANSF. DE CUENTA 3000 A 3001 PARA PAGOS | G15: 2703311.7 | I15: =I14+G15-H15 -> -47413804
D16: 46057 | F16: TRANSF. DE CUENTA 3000 A 3001 PARA PAGOS | G16: 388954.24 | I16: =I15+G16-H16 -> -47024850
D17: 46058 | F17: TRANSF. DE CUENTA 3000 A 3001 PARA PAGOS | G17: 3860323.8 | I17: =I16+G17-H17 -> -43164526
D18: 46059 | F18: TRANSF. DE CUENTA 3000 A 3001 PARA PAGOS | G18: 10700682 | I18: =I17+G18-H18 -> -32463845
D19: 46059 | E19: 832-1 | F19: DHL DOMINICANA | H19: 68916.18 | I19: =I18+G19-H19 -> -32532761
D20: 46059 | E20: 830-1 | F20: AGUA PLANETA AZUL, S.A. | H20: 96420 | I20: =I19+G20-H20 -> -32629181
D21: 46059 | E21: 843-1 | F21: RETENCION 0.5% POR TRASF. VIA LIBRAMIENTOS A PROVEERDORES | H21: 550 | I21: =I20+G21-H21 -> -32629731
D22: 46059 | E22: 843-1 | F22: 2T IMPORTACIONES, SRL | H22: 12430 | I22: =I21+G22-H22 -> -32642161
D23: 46059 | E23: 846-1 | F23: RETENCION 0.5% POR TRASF. VIA LIBRAMIENTOS A PROVEERDORES | H23: 2592.5 | I23: =I22+G23-H23 -> -32644753
D24: 46059 | E24: 846-1 | F24: ABASTECIMIENTOS COMERCIALES FJJ, S.R.L. | H24: 58590.5 | I24: =I23+G24-H24 -> -32703344
D25: 46059 | E25: 853-1 | F25: RETENCION 0.5% POR TRASF. VIA LIBRAMIENTOS A PROVEERDORES | H25: 5767.5 | I25: =I24+G25-H25 -> -32709111
D26: 46059 | E26: 853-1 | F26: ABASTECIMIENTOS COMERCIALES FJJ, S.R.L. | H26: 130345.5 | I26: =I25+G26-H26 -> -32839457
D27: 46059 | E27: 865-1 | F27: RETENCION 0.5% POR TRASF. VIA LIBRAMIENTOS A PROVEERDORES | H27: 5400 | I27: =I26+G27-H27 -> -32844857
D28: 46059 | E28: 865-1 | F28: ACTUALIDADES VD, S.R.L. | H28: 122040 | I28: =I27+G28-H28 -> -32966897
D29: 46062 | E29: 898-1 | F29: RETENCION 0.5% POR TRASF. VIA LIBRAMIENTOS A PROVEERDORES | H29: 3199.45 | I29: =I28+G29-H29 -> -32970096
D30: 46062 | E30: 898-1 | F30: ACTUALIDADES VD, S.R.L. | H30: 72307.57 | I30: =I29+G30-H30 -> -33042404
... D58: 46062 | E58: 949-1 | F58: SEAN DOMINICANA, S.R.L. | H58: 245000 | I58: =I57+G58-H58 -> -37132722
D59: 46063 | F59: TRANSF. DE CUENTA 3000 A 3001 PARA PAGOS | G59: 5239214.2 | I59: =I58+G59-H59 -> -31893508
D60: 46063 | E60: 953-1 | F60: HUMANO SEGUROS, S.A. | H60: 189325.29 | I60: =I59+G60-H60 -> -32082833
D61: 46063 | E61: 959-1 | F61: SEGURO NACIONAL DE SALUD (SENASA) | H61: 271295.53 | I61: =I60+G61-H61 -> -32354128
D62: 46063 | E62: 972-1 | F62: MAPFRE SALUD ARS, S.A. | H62: 67250.25 | I62: =I61+G62-H62 -> -32421379
D63: 46063 | E63: 1008-1 | F63: RETENCION 0.5% POR TRASF. VIA LIBRAMIENTOS A PROVEERDORES | H63: 22890 | I63: =I62+G63-H63 -> -32444269
D64: 46063 | E64: 1008-1 | F64: DECO SERVICIOS OYB, S.R.L. | H64: 517314 | I64: =I63+G64-H64 -> -32961583
D65: 46063 | E65: 1031-1 | F65: RETENCION 0.5% POR TRASF. VIA LIBRAMIENTOS A PROVEERDORES | H65: 2100 | I65: =I64+G65-H65 -> -32963683
D66: 46063 | E66: 1031-1 | F66: PROVIMEDICA D & M, S.R.L. | H66: 47460 | I66: =I65+G66-H66 -> -33011143
D67: 46063 | E67: 1042-1 | F67: RETENCION 0.5% POR TRASF. VIA LIBRAMIENTOS A PROVEERDORES | H67: 28000 | I67: =I66+G67-H67 -> -33039143
D68: 46063 | E68: 1042-1 | F68: CRISTALIA DOMINICANA SRL | H68: 532000 | I68: =I67+G68-H68 -> -33571143
D69: 46064 | F69: TRANSF. DE CUENTA 3000 A 3001 PARA PAGOS | G69: 894938.75 | I69: =I68+G69-H69 -> -32676204
D70: 46064 | F70: TRANSF. DE CUENTA 3000 A 3001 PARA PAGOS | G70: 2735903.7 | I70: =I69+G70-H70 -> -29940300
D71: 46064 | E71: 1059-1 | F71: RETENCION 0.5% POR TRASF. VIA LIBRAMIENTOS A PROVEERDORES | H71: 6011.04 | I71: =I70+G71-H71 -> -29946311
D72: 46064 | E72: 1059-1 | F72: SANTOS & ORTIZ GROUP, S.R.L. | H72: 135849.5 | I72: =I71+G72-H72 -> -30082161
D73: 46064 | E73: 1063-1 | F73: RETENCION 0.5% POR TRASF. VIA LIBRAMIENTOS A PROVEERDORES | H73: 9635 | I73: =I72+G73-H73 -> -30091796
D74: 46064 | E74: 1063-1 | F74: LUCEMAS SUPPLY, S.R.L. | H74: 217751 | I74: =I73+G74-H74 -> -30309547
D75: 46064 | E75: 1069-1 | F75: RETENCION 0.5% POR TRASF. VIA LIBRAMIENTOS A PROVEERDORES | H75: 9837.6 | I75: =I74+G75-H75 -> -30319384
D76: 46064 | E76: 1069-1 | F76: QUALIPLIERS, E.I.R.L. | H76: 222329.76 | I76: =I75+G76-H76 -> -30541714
D77: 46064 | E77: 1072-1 | F77: RETENCION 0.5% POR TRASF. VIA LIBRAMIENTOS A PROVEERDORES | H77: 1194 | I77: =I76+G77-H77 -> -30542908
D78: 46064 | E78: 1072-1 | F78: SUPRASOL DOMINICANA, SRL. | H78: 26984.4 | I78: =I77+G78-H78 -> -30569893
D79: 46064 | E79: 1075-1 | F79: SUPRASOL DOMINICANA, SRL. | H79: 202760.58 | I79: =I78+G79-H79 -> -30772653
D80: 46064 | E80: 1077-1 | F80: MEDEK PHARMA, S.A | H80: 451980 | I80: =I79+G80-H80 -> -31224633
D81: 46064 | E81: 1081-1 | F81: RETENCION 0.5% POR TRASF. VIA LIBRAMIENTOS A PROVEERDORES | H81: 18338 | I81: =I80+G81-H81 -> -31242971
D82: 46064 | E82: 1081-1 | F82: INVERSIONES ND & ASOCIADOS, S.R.L. | H82: 414438.8 | I82: =I81+G82-H82 -> -31657410
... D95: 46064 | E95: 1106-1 | F95: RQD HIGIENICOS, S.R.L. | H95: 440523.5 | I95: =I94+G95-H95 -> -34193882
D96: 46065 | F96: TRANSF. DE CUENTA 3000 A 3001 PARA PAGOS | G96: 16983096 | I96: =I95+G96-H96 -> -17210786
D97: 46065 | E97: 1113-1 | F97: RETENCION 0.5% POR TRASF. VIA LIBRAMIENTOS A PROVEERDORES | H97: 15295.54 | I97: =I96+G97-H97 -> -17226081
D98: 46065 | E98: 1113-1 | F98: SOWEY COMERCIAL, E.I.R.L. | H98: 345679.2 | I98: =I97+G98-H98 -> -17571761
D99: 46065 | E99: 1151-1 | F99: RETENCION 0.5% POR TRASF. VIA LIBRAMIENTOS A PROVEERDORES | H99: 328 | I99: =I98+G99-H99 -> -17572089
D100: 46065 | E100: 1151-1 | F100: SERVICIOS MICAPE, SRL. | H100: 7412.8 | I100: =I99+G100-H100 -> -17579501
D101: 46065 | E101: 1163-1 | F101: PROPANO Y DERIVADOS, S.A. | H101: 489857.51 | I101: =I100+G101-H101 -> -18069359
D102: 46065 | E102: 1174-1 | F102: RETENCION 0.5% POR TRASF. VIA LIBRAMIENTOS A PROVEERDORES | H102: 995.7625 | I102: =I101+G102-H102 -> -18070355
D103: 46065 | E103: 1174-1 | F103: CAJUFA, S.R.L. | H103: 22504.237 | I103: =I102+G103-H103 -> -18092859
D104: 46066 | F104: TRANSF. DE CUENTA 3000 A 3001 PARA PAGOS | G104: 4061733.2 | I104: =I103+G104-H104 -> -14031126
D105: 46066 | E105: 1190-1 | F105: RETENCION 0.5% POR TRASF. VIA LIBRAMIENTOS A PROVEERDORES | H105: 49335 | I105: =I104+G105-H105 -> -14080461
D106: 46066 | E106: 1190-1 | F106: DISS DOMINICANA | H106: 3443583 | I106: =I105+G106-H106 -> -17524044
D107: 46066 | E107: 1196-1 | F107: RETENCION 0.5% POR TRASF. VIA LIBRAMIENTOS A PROVEERDORES | H107: 13159 | I107: =I106+G107-H107 -> -17537203
D108: 46066 | E108: 1196-1 | F108: INVERSIONES ND & ASOCIADOS, S.R.L. | H108: 254989 | I108: =I107+G108-H108 -> -17792192
D109: 46066 | E109: 1200-1 | F109: RETENCION 0.5% POR TRASF. VIA LIBRAMIENTOS A PROVEERDORES | H109: 2925 | I109: =I108+G109-H109 -> -17795117
D110: 46066 | E110: 1200-1 | F110: RONAJUS FARMACEUTICA, S.R.L. | H110: 55575 | I110: =I109+G110-H110 -> -17850692
D111: 46066 | E111: 1202-1 | F111: RETENCION 0.5% POR TRASF. VIA LIBRAMIENTOS A PROVEERDORES | H111: 2100.6 | I111: =I110+G111-H111 -> -17852792
D112: 46066 | E112: 1202-1 | F112: FARMACO QUIMICA NACIONAL, S.A. | H112: 39911.4 | I112: =I111+G112-H112 -> -17892704
D113: 46066 | E113: 1206-1 | F113: RETENCION 0.5% POR TRASF. VIA LIBRAMIENTOS A PROVEERDORES | H113: 1165.254 | I113: =I112+G113-H113 -> -17893869
D114: 46066 | E114: 1206-1 | F114: B&F MERCANTI, S.R.L. | H114: 26334.736 | I114: =I113+G114-H114 -> -17920204
D115: 46066 | E115: 1208-1 | F115: RETENCION 0.5% POR TRASF. VIA LIBRAMIENTOS A PROVEERDORES | H115: 1419.9 | I115: =I114+G115-H115 -> -17921624
D116: 46066 | E116: 1208-1 | F116: DISTRIBUIDORA BASULTO, EIRL. | H116: 26978.1 | I116: =I115+G116-H116 -> -17948602
... D127: 46069 | E127: 1259-1 | F127: GTG INDUSTRIAL, S. R. L. | H127: 343849.1 | I127: =I126+G127-H127 -> -19206061
D128: 46070 | F128: TRANSF. DE CUENTA 3000 A 3001 PARA PAGOS | G128: 44347.73 | I128: =I127+G128-H128 -> -19161713
D129: 46070 | E129: 1266-1 | F129: HOSPIFAR, S. R. L. | H129: 164209.25 | I129: =I128+G129-H129 -> -19325923
D130: 46070 | E130: 1286-1 | F130: IMPORTADORA COAV, S.R.L. | H130: 9315 | I130: =I129+G130-H130 -> -19335238
D131: 46070 | E131: 1296-1 | F131: RETENCION 0.5% POR TRASF. VIA LIBRAMIENTOS A PROVEERDORES | H131: 4397.5 | I131: =I130+G131-H131 -> -19339635
D132: 46070 | E132: 1296-1 | F132: JEAN CARLOS BASULTO LOPEZ | H132: 84956.5 | I132: =I131+G132-H132 -> -19424592
D133: 46070 | E133: 1298-1 | F133: RETENCION 0.5% POR TRASF. VIA LIBRAMIENTOS A PROVEERDORES | H133: 6240 | I133: =I132+G133-H133 -> -19430832
D134: 46070 | E134: 1298-1 | F134: JEAN CARLOS BASULTO LOPEZ | H134: 139360 | I134: =I133+G134-H134 -> -19570192
D135: 46070 | E135: 1300-1 | F135: JEAN CARLOS BASULTO LOPEZ | H135: 10800 | I135: =I134+G135-H135 -> -19580992
D136: 46070 | E136: 1302-1 | F136: RETENCION 0.5% POR TRASF. VIA LIBRAMIENTOS A PROVEERDORES | H136: 585 | I136: =I135+G136-H136 -> -19581577
D137: 46070 | E137: 1302-1 | F137: JEAN CARLOS BASULTO LOPEZ | H137: 95115 | I137: =I136+G137-H137 -> -19676692
D138: 46070 | E138: 1304-1 | F138: GRUPO FARMACEUTICO CAR-M, S. R. L. | H138: 105000 | I138: =I137+G138-H138 -> -19781692
D139: 46070 | E139: 1306-1 | F139: GRUPO FARMACEUTICO CAR-M, S. R. L. | H139: 157500 | I139: =I138+G139-H139 -> -19939192
D140: 46070 | E140: 1308-1 | F140: GRUPO FARMACEUTICO CAR-M, S. R. L. | H140: 183312 | I140: =I139+G140-H140 -> -20122504
... D151: 46071 | E151: 1383-1 | F151: FARMACO QUIMICA NACIONAL, S.A. | H151: 42810.61 | I151: =I150+G151-H151 -> -23510899
D152: 46072 | F152: TRANSF. DE CUENTA 3000 A 3001 PARA PAGOS | G152: 503052.18 | I152: =I151+G152-H152 -> -23007847
D153: 46073 | F153: TRANSF. DE CUENTA 3000 A 3001 PARA PAGOS | G153: 4165825.1 | I153: =I152+G153-H153 -> -18842022
D154: 46073 | E154: 1467-1 | F154: PHARMACEUTICAL TECHNOLOGY, S. A. | H154: 911250 | I154: =I153+G154-H154 -> -19753272
D155: 46073 | E155: 1487-1 | F155: GLOBAL MEDICA | H155: 6106579.2 | I155: =I154+G155-H155 -> -25859851
D156: 46073 | E156: 1491-1 | F156: SUED & FARGESA, S.R.L. | H156: 2000000 | I156: =I155+G156-H156 -> -27859851
D157: 46073 | E157: 1508-1 | F157: DR COLLADO | H157: 1167315.6 | I157: =I156+G157-H157 -> -29027166
D158: 46073 | E158: 1513-1 | F158: MALLEN | H158: 1920000 | I158: =I157+G158-H158 -> -30947166
D159: 46073 | E159: 1518-1 | F159: RETENCION 0.5% POR TRASF. VIA LIBRAMIENTOS A PROVEERDORES | H159: 108000 | I159: =I158+G159-H159 -> -31055166
D160: 46073 | E160: 1518-1 | F160: MEGALABS | H160: 2052000 | I160: =I159+G160-H160 -> -33107166
D161: 46073 | E161: 1530-1 | F161: GRUPO FARMACEUTICO CAR-M, S. R. L. | H161: 358420 | I161: =I160+G161-H161 -> -33465586
D162: 46075 | E162: 1583-1 | F162: WEST | H162: 1842732.4 | I162: =I161+G162-H162 -> -35308319
D163: 46075 | E163: 1585-1 | F163: WEST | H163: 1958483.8 | I163: =I162+G163-H163 -> -37266802
D164: 46075 | E164: 1587-1 | F164: RETENCION 0.5% POR TRASF. VIA LIBRAMIENTOS A PROVEERDORES | H164: 4465.5 | I164: =I163+G164-H164 -> -37271268
...

Sheet EGRESOS CTA.  OPERT. 160
A5: Servicio Nacional de Salud
C6: Instituto Nacional del Cáncer Rosa Emilia Sánchez Pérez de Tavares
C7: Cuenta Operativa No. 160-112796-8
C8: Libro Banco
C9: Del 01 Al 30 De Enero 2026
D11: Cuenta Bancaria No: 160-112796-8
D12: Balance Inicial: | I12: =+'[2]CTA. OPERATIVA.(160)'!$J$9 -> 234216.17
D13: Fecha | E13: No. Ck/Transf. | F13: Descripcion | G13: Debito | H13: Credito | I13: Balance
F14: =+'INGRESOS CUENTA COLECT'!D17 -> 46053 | H14: 0 | I14: =+I12 -> 234216.17
D15: 46064 | E15: 0052-2025 | F15: REINTEGRO TRANSF. 0052-2025, BENEFICIARIO YOHANNA ELIZABETH THOMPSON POR ERROR EN LA CUENTA BANCARIA | G15: 2060.16 | I15: =I14+G15-H15 -> 236276.33
D16: 46064 | E16: 0001-2026 | F16: NOMINA PROYECTO PRIMERA DAMA | H16: 212625 | I16: =I15+G16-H16 -> 23651.333
D17: 46066 | F17: PAGO IMPUESTO 0.15% | H17: 318.93 | I17: =I16+G17-H17 -> 23332.403
D18: 46081 | F18: CARGOS POR SERVICIOS (RETENCION DE ESTADO) | H18: 175 | I18: =I17+G18-H18 -> 23157.403
I19: =I18+G19-H19 -> 23157.403
I20: =I19+G20-H20 -> 23157.403
I21: =I20+G21-H21 -> 23157.403
I22: =I21+G22-H22 -> 23157.403
I23: =I22+G23-H23 -> 23157.403
I24: =I23+G24-H24 -> 23157.403
I25: =I24+G25-H25 -> 23157.403
I26: =I25+G26-H26 -> 23157.403
I27: =I26+G27-H27 -> 23157.403
I28: =I27+G28-H28 -> 23157.403
I29: =I28+G29-H29 -> 23157.403
I30: =I29+G30-H30 -> 23157.403
... I61: =I60+G61-H61 -> 23157.403
C62: Totales | G62: =SUM(G15:G61) -> 2060.16 | H62: =SUM(H15:H61) -> 213118.93 | I62: =+I14+G62-H62 -> 23157.403 | J62: =+I62-'[2]CTA. OPERATIVA.(160)'!$J$13 -> 0
D65: ____________________ | F65: _________________________ | H65: ______________________________
D66: Preparado Por: | F66: Revisado Por: | H66: Aprobabdo Por:
D67: Lcda. Julia Villar Pimentel | F67: Lic. Lisa Marie Perez Cruz | H67: Licda. Ana Teresa Vendrell Batista
D68: Analista Financiera | F68: Encargado Dpto. Contabilidad | H68: Encargada Dpto. Financiera

Sheet EGRESOS CTA. NOMINA
A6: Servicio Nacional de Salud
D8: Instituto Nacional del Cáncer Rosa Emilia Sánchez Pérez de Tavares
D9: Cuenta Bancaria No: 0100202000
D10: Libro Banco
D11: Del 01 Al 31 De Enero 2026
E13: Cuenta Bancaria No: 0100202000
E14: Balance Inicial: | J14: =+'[2]CTA. NOMINA 2000'!$G$103 -> 76012936
E15: Fecha | F15: No. Ck/Transf. | G15: Descripcion | H15: Debito | I15: Credito | J15: Balance
G16: =+'INGRESOS CUENTA COLECT'!D17 -> 46053 | I16: 0 | J16: =+J14 -> 76012936
E17: 46059 | G17: ASIGANCION CUOTA DE PAGO DESDE CTA 2000 A 2001 | H17: 488411.95 | J17: =J16+H17-I17 -> 76501348
E18: 46059 | G18: ASIGANCION CUOTA DE PAGO DESDE CTA 2000 A 2001 | I18: 488411.95 | J18: =J17+H18-I18 -> 76012936
E19: 46059 | G19: ASIGNACION PRESUPUESTARIA PARA GASTOS | H19: 1010358.8 | J19: =J18+H19-I19 -> 77023294
E20: 46062 | G20: ASIGNACION PRESUPUESTARIA PARA PAGO NOMINAS POR EL MONTO DE RD$71,769,237.00 ASIGNACION PRESUPUESTARIA PARA GASTOS 1,010,358.75 | H20: 72779596 | J20: =J19+H20-I20 -> 1.4980289e+08
E21: 46062 | G21: ASIGNACION PRESUPUESTARIA PARA PAGO NOMINAS POR EL MONTO DE RD$71,769,237.00 ASIGNACION PRESUPUESTARIA PARA GASTOS 1,010,358.75 | H21: 72779596 | J21: =J20+H21-I21 -> 2.2258249e+08
E22: 46065 | G22: TRANSFERENCIA CORRIENTE PARA CUBRIR EL PAGO DE INDEMNIZACIÓN A EX COLABORADORES. | H22: 1821686.5 | J22: =J21+H22-I22 -> 2.2440417e+08
E23: 46065 | G23: ASIGANCION CUOTA DE PAGO DESDE CTA 2000 A 2001 | H23: 308500 | J23: =J22+H23-I23 -> 2.2471267e+08
E24: 46065 | G24: ASIGANCION CUOTA DE PAGO DESDE CTA 2000 A 2001 | I24: 308500 | J24: =J23+H24-I24 -> 2.2440417e+08
E25: 46065 | G25: ASIGANCION CUOTA DE PAGO DESDE CTA 2000 A 2001 | H25: 1821686.5 | J25: =J24+H25-I25 -> 2.2622586e+08
E26: 46065 | G26: ASIGANCION CUOTA DE PAGO DESDE CTA 2000 A 2001 | I26: 1821686.5 | J26: =J25+H26-I26 -> 2.2440417e+08
E27: 46069 | G27: DEPOSITO VIA TRANSF. PRESIDENCIA DE LA REPUBLICA DOMINICANA | H27: 389220 | J27: =J26+H27-I27 -> 2.2479339e+08
E28: 46070 | G28: ASIGANCION CUOTA DE PAGO DESDE CTA 2000 A 2001 | H28: 23240602 | J28: =J27+H28-I28 -> 2.4803399e+08
E29: 46070 | G29: ASIGANCION CUOTA DE PAGO DESDE CTA 2000 A 2001 | I29: 23240602 | J29: =J28+H29-I29 -> 2.2479339e+08
E30: 46070 | G30: REINTEGRO TRANSACCION POR ANULACION DE LIBRAMIENTO 6486-1 ALTICE DOMINICANA, S.A. 6488-1, CORPORACION DEL ACUEDUCTO Y ALCANTARILLADO DE SANTO DOMINGO, CAASD 6490-1 COMPAÑÍA DOMINICANA DE TELEFONOS, 6496-1 DISTRIBUIDORES INTERNACIONALES DE PETROLEO, S.A. DEL 11 DE NOVIEMBRE DEVUELTO POR CONTRALORIA | H30: 1114783.1 | J30: =J29+H30-I30 -> 2.2590818e+08
E31: 46070 | G31: DEVOLUCION FONDOS POR SUBSIDIOS DE MATERNIDAD Y ENFERMEDAD COMUN CORRESPONDIENTE AL MES DE FEBRERO 2026 | H31: 386996.02 | J31: =J30+H31-I31 -> 2.2629517e+08
E32: 46076 | G32: DEPOSITO VIA TRANSF. MINISTERIO DE SALUD PUBLICA | H32: 36600 | J32: =J31+H32-I32 -> 2.2633177e+08
E33: 46076 | G33: DEPOSITO VIA TRANSF. MINISTERIO DE SALUD PUBLICA | H33: 36600 | J33: =J32+H33-I33 -> 2.2636837e+08
E34: 46076 | G34: DEPOSITO VIA TRANSF. MINISTERIO DE SALUD PUBLICA | H34: 36600 | J34: =J33+H34-I34 -> 2.2640497e+08
E35: 46076 | G35: DEPOSITO VIA TRANSF. MINISTERIO DE SALUD PUBLICA | H35: 36600 | J35: =J34+H35-I35 -> 2.2644157e+08
E36: 46076 | G36: ASIGANCION CUOTA DE PAGO DESDE CTA 2000 A 2001 | H36: 39129743 | J36: =J35+H36-I36 -> 2.6557131e+08
E37: 46076 | G37: ASIGANCION CUOTA DE PAGO DESDE CTA 2000 A 2001 | I37: 39129743 | J37: =J36+H37-I37 -> 2.2644157e+08
E38: 46076 | G38: ASIGANCION CUOTA DE PAGO DESDE CTA 2000 A 2001 | H38: 62370344 | J38: =J37+H38-I38 -> 2.8881192e+08
E39: 46076 | G39: ASIGANCION CUOTA DE PAGO DESDE CTA 2000 A 2001 | I39: 62370344 | J39: =J38+H39-I39 -> 2.2644157e+08
E40: 46078 | G40: DEPOSITO VIA TRANSF. MINISTERIO DE SALUD PUBLICA | H40: 36600 | J40: =J39+H40-I40 -> 2.2647817e+08
E41: 46076 | F41: 819-1 | G41: RETENCION ISR SALARIAL POR TRASF. VIA LIBRAMIENTOS NOMINA | I41: 3077.82 | J41: =J40+H41-I41 -> 2.2647509e+08
E42: 46076 | F42: 819-1 | G42: NOMINA HORAS EXTRAS OCTUBRE 2025, FONDO GENERAL | I42: 44132.47 | J42: =J41+H42-I42 -> 2.2643096e+08
E43: 46076 | F43: 821-1 | G43: RETENCION ISR SALARIAL POR TRASF. VIA LIBRAMIENTOS NOMINA | I43: 6312.13 | J43: =J42+H43-I43 -> 2.2642465e+08
E44: 46076 | F44: 821-1 | G44: NOMINA HORAS EXTRAS AGOSTO 2025, FONDO GENERAL | I44: 106358.47 | J44: =J43+H44-I44 -> 2.2631829e+08
E45: 46076 | F45: 876-1 | G45: NOMINA VACACIONES NO DISFRUTADAS EX COLABORADORES ENERO 2026, FONDO GENERAL | I45: 8375.63 | J45: =J44+H45-I45 -> 2.2630992e+08
E46: 46076 | F46: 878-1 | G46: NOMINA VACACIONES NO DISFRUTADAS EX COLABORADORES ENERO 2026, FONDO GENERAL | I46: 16151.36 | J46: =J45+H46-I46 -> 2.2629376e+08
E47: 46076 | F47: 880-1 | G47: NOMINA INDEMNIZACION EX COLABORADORES ENERO 2026, FONDO GENERAL | I47: 345100 | J47: =J46+H47-I47 -> 2.2594866e+08
E48: 46076 | F48: 912-1 | G48: RETENCION ISR SALARIAL POR TRASF. VIA LIBRAMIENTOS NOMINA | I48: 2605 | J48: =J47+H48-I48 -> 2.2594606e+08
E49: 46076 | F49: 912-1 | G49: NOMINA VACACIONES NO DISFRUTADAS EX COLABORADOR ENERO 2026, FONDO GENERAL | I49: 1449454.5 | J49: =J48+H49-I49 -> 2.244966e+08
E50: 46076 | F50: 821-1 | G50: RETENCION ISR SALARIAL POR TRASF. VIA LIBRAMIENTOS NOMINA | I50: 2801.48 | J50: =J49+H50-I50 -> 2.244938e+08
E51: 46076 | F51: 821-1 | G51: NOMINA HORAS EXTRASNOVIEMBRE 2025, FONDO GENERAL | I51: 41546.25 | J51: =J50+H51-I51 -> 2.2445226e+08
E52: 46076 | F52: 1210-1 | G52: NOMINA PRIMA POR ANTIGÜEDAD FEBRERO 2026 FONDO GENERAL | I52: 41771.22 | J52: =J51+H52-I52 -> 2.2441049e+08
... E69: 46076 | F69: 1469-1 | G69: NOMINA PERSONAL CARÁCTER TEMPORAL FEBRERO 2026 FONDO GENERAL | I69: 36855986 | J69: =J68+H69-I69 -> 1.6208191e+08
J70: =J69+H70-I70 -> 1.6208191e+08
J71: =J70+H71-I71 -> 1.6208191e+08
J72: =J71+H72-I72 -> 1.6208191e+08
J73: =J72+H73-I73 -> 1.6208191e+08
J74: =J73+H74-I74 -> 1.6208191e+08
J75: =J74+H75-I75 -> 1.6208191e+08
J76: =J75+H76-I76 -> 1.6208191e+08
J77: =J76+H77-I77 -> 1.6208191e+08
J78: =J77+H78-I78 -> 1.6208191e+08
J79: =J78+H79-I79 -> 1.6208191e+08
J80: =J79+H80-I80 -> 1.6208191e+08
J81: =J80+H81-I81 -> 1.6208191e+08
... J94: =J93+H94-I94 -> 1.6208191e+08
D95: Totales | H95: =SUM(H17:H94) -> 2.7782452e+08 | I95: =SUM(I17:I94) -> 1.9175555e+08 | J95: =+J16+H95-I95 -> 1.6208191e+08 | K95: =+J95-'[2]CTA. NOMINA 2000'!$G$156 -> 0
E100: ____________________ | G100: ____________________________________________ | I100: _________________________
E101: Preparado Por: | G101: Revisado Por: | I101: Aprobabdo Por:
E102: Lcda. Julia Villar Pimentel | G102: Lic. Lisa Marie Perez Cruz | I102: Licda. Ana Teresa Vendrell Batista
E103: Analista Financiera | G103: Encargado Dpto. Contabilidad | I103: Encargada Dpto. Financiera

Sheet EGRESOS CTA. FONDOCYT
A6: Servicio Nacional de Salud
D8: Instituto Nacional del Cáncer Rosa Emilia Sánchez Pérez de Tavares
D9: Cuenta Bancaria No: 9602576155
D10: Libro Banco
D11: Del 01 Al 31 De Enero 2026
E14: Cuenta Bancaria No: 9602576155
E15: - | J15: =+'[2]CTA. FONDOCYT 960'!$J$12 -> 1178642.1
E16: Fecha | F16: No. Ck/Transf. | G16: Descripcion | H16: Debito | I16: Credito | J16: Balance
G17: =+'INGRESOS CUENTA COLECT'!D17 -> 46053 | I17: 0 | J17: =+J15 -> 1178642.1
J18: =J17+H18-I18 -> 1178642.1
J19: =J18+H19-I19 -> 1178642.1
J20: =J19+H20-I20 -> 1178642.1
J21: =J20+H21-I21 -> 1178642.1
E22: 46081 | G22: CARGOS POR SERVICIOS (RETENCION DE ESTADO) | I22: 175 | J22: =J21+H22-I22 -> 1178467.1
J23: =J22+H23-I23 -> 1178467.1
J24: =J23+H24-I24 -> 1178467.1
J25: =J24+H25-I25 -> 1178467.1
J26: =J25+H26-I26 -> 1178467.1
J27: =J26+H27-I27 -> 1178467.1
J28: =J27+H28-I28 -> 1178467.1
J29: =J28+H29-I29 -> 1178467.1
D30: Totales | H30: 0 | I30: =SUM(I18:I22) -> 175 | J30: =+J15+H30-I30 -> 1178467.1 | K30: =+J30-'[2]CTA. FONDOCYT 960'!$J$13 -> 0
E35: ____________________ | G35: ______________________________ | I35: _________________________
E36: Preparado Por: | G36: Revisado Por: | I36: Aprobabdo Por:
E37: Lcda. Julia Villar Pimentel | G37: Lic. Lisa Marie Perez Cruz | I37: Licda. Ana Teresa Vendrell Batista
E38: Analista Financiera | G38: Encargado Dpto. Contabilidad | I38: Encargada Dpto. Financiera

Sheet EGRESOS CTA. 2000 ONCO
A6: Servicio Nacional de Salud
D8: Instituto Nacional del Cáncer Rosa Emilia Sánchez Pérez de Tavares
D9: Cuenta Bancaria No: 04002002000
D10: Libro Banco
D11: Del 01 Al 31 De Enero 2026
C12: CENTRO ONCOPEDIATRIA
E13: Cuenta Bancaria No: 04002002000
E14: Balance Inicial: | J14: =+'[2]CTA. 2000 ONCO.'!$G$21 -> 780596.4
E15: Fecha | F15: No. Ck/Transf. | G15: Descripcion | H15: Debito | I15: Credito | J15: Balance
G16: =+'INGRESOS CUENTA COLECT'!D17 -> 46053 | I16: 0 | J16: =+J14 -> 780596.4
E17: 46076 | G17: Deposito Via cheque de Adm. # 11425064 (Sr George Mansfield) Donacion para la unidad Oncopediatrica del Incart por el monto de RD$100,000.00 | H17: 100000 | J17: =J16+H17-I17 -> 880596.4
E18: 46077 | G18: PAGO IMPUESTO 0.15% | I18: 361.11 | J18: =J17+H18-I18 -> 880235.29
E19: 46078 | G19: PAGO IMPUESTO 0.15% | I19: 1.3 | J19: =J18+H19-I19 -> 880233.99
E20: 46079 | G20: PAGO IMPUESTO 0.15% | I20: 3.91 | J20: =J19+H20-I20 -> 880230.08
J21: =J20+H21-I21 -> 880230.08
J22: =J21+H22-I22 -> 880230.08
J23: =J22+H23-I23 -> 880230.08
J24: =J23+H24-I24 -> 880230.08
J25: =J24+H25-I25 -> 880230.08
J26: =J25+H26-I26 -> 880230.08
J27: =J26+H27-I27 -> 880230.08
J28: =J27+H28-I28 -> 880230.08
D29: Totales | H29: =SUM(H17:H28) -> 100000 | I29: =SUM(I17:I28) -> 366.32 | J29: =+J16+H29-I29 -> 880230.08 | K29: =+J29-'[2]CTA. 2000 ONCO.'!$G$25 -> 0
E37: ____________________ | G37: ____________________________________________ | I37: _________________________
E38: Preparado Por: | G38: Revisado Por: | I38: Aprobabdo Por:
E39: Lcda. Julia Villar Pimentel | G39: Lic. Lisa Marie Perez Cruz | I39: Licda. Ana Teresa Vendrell Batista
E40: Analista Financiera | G40: Encargado Dpto. Contabilidad | I40: Encargada Dpto. Financiera

Sheet EGRESOS CTA. 3103 F REPONIBLE
A6: Servicio Nacional de Salud
D8: Instituto Nacional del Cáncer Rosa Emilia Sánchez Pérez de Tavares
D9: Cuenta Bancaria NO. 960-810310-3
D10: Libro Banco
D11: Del 01 Al 31 De Enero 2026
G12: FONDO REPONIBLE DE ASISTENCIA SOCIAL
E13: Cuenta Bancaria No: 04002002000
E14: Balance Inicial: | J14: =+'[2]CTA. 3103 F. REPONIBLE.'!$J$44 -> 11205.86
E15: Fecha | F15: No. Ck/Transf. | G15: Descripcion | H15: Debito | I15: Credito | J15: Balance
G16: =+'INGRESOS CUENTA COLECT'!D17 -> 46053 | I16: 0 | J16: =+J14 -> 11205.86
E17: 46030 | G17: PAGO IMPUESTO 0.15% | J17: =J16+H17-I17 -> 11205.86
E18: 46081 | G18: CARGOS POR SERVICIOS (RETENCION DE ESTADO) | I18: 175 | J18: =J17+H18-I18 -> 11030.86
J19: =J18+H19-I19 -> 11030.86
J20: =J19+H20-I20 -> 11030.86
J21: =J20+H21-I21 -> 11030.86
J22: =J21+H22-I22 -> 11030.86
J23: =J22+H23-I23 -> 11030.86
J24: =J23+H24-I24 -> 11030.86
J25: =J24+H25-I25 -> 11030.86
J26: =J25+H26-I26 -> 11030.86
J27: =J26+H27-I27 -> 11030.86
J28: =J27+H28-I28 -> 11030.86
J29: =J28+H29-I29 -> 11030.86
J30: =J29+H30-I30 -> 11030.86
... J49: =J48+H49-I49 -> 11030.86
D50: Totales | H50: =SUM(H17:H49) -> 0 | I50: =SUM(I17:I49) -> 175 | J50: =+J16+H50-I50 -> 11030.86 | K50: =+J50-'[2]CTA. 3103 F. REPONIBLE.'!$J$45 -> 0
E58: ____________________ | G58: ____________________________________________ | I58: _________________________
E59: Preparado Por: | G59: Revisado Por: | I59: Aprobabdo Por:
E60: Lcda. Julia Villar Pimentel | G60: Lic. Lisa Marie Perez Cruz | I60: Licda. Ana Teresa Vendrell Batista
E61: Analista Financiera | G61: Encargado Dpto. Contabilidad | I61: Encargada Dpto. Financiera

Sheet Hoja2
A1: CENTRO ONCOPEDIATRIA NO. 04002002000
